 Dungeon Crawl Stone Soup version 0.20.1-1-g8b1a95d (webtiles) character file.

4414 Monzz the Spear-Bearer (level 10, -5/88 HPs)
             Began as a Minotaur Fighter on Nov 14, 2017.
             Was a Priest of Okawaru.
             Slain by an ice devil (17 damage)
             ... summoned by a kobold demonologist
             ... on level 8 of the Dungeon.
             The game lasted 00:37:49 (5880 turns).

Monzz the Spear-Bearer (Minotaur Fighter)           Turns: 5880, Time: 00:37:50

Health: -5/88      AC:  8    Str: 18 (21) XL:     10   Next: 14%
Magic:  0/9        EV: 11    Int:  6 (7)  God:    Okawaru [***...]
Gold:   261        SH: 11    Dex: 10 (11) Spells: 9/9 levels left

rFire    + . .     SeeInvis .   m - +0 spear (vamp)
rCold    . . .     Gourm    .   c - +0 shield
rNeg     + . .     Faith    .   x - +0 ring mail {rF+}
rPois    .         Spirit   +   (helmet restricted)
rElec    .         Reflect  .   (no cloak)
rCorr    +         Harm     .   E - +0 pair of gloves
MR       .....                  (no boots)
Stlth    +.........             r - amulet of guardian spirit
Regen    0.3/turn               i - ring of resist corrosion
MPRegen  0.2/turn               y - ring of positive energy

@: about to teleport
A: retaliatory headbutt, horns 2
a: Heroism, Renounce Religion


You were on level 8 of the Dungeon.
You worshipped Okawaru.
Okawaru was most pleased with you.
You were hungry.

You visited 2 branches of the dungeon, and saw 9 of its levels.

You collected 391 gold pieces.
You spent 130 gold pieces at shops.

Inventory:

Hand Weapons
 a - a +0 trident
 j - a +0 blowgun
 m - a +0 vampiric spear (weapon)
 t - a +2 dagger of draining
 z - a +2 dagger of draining
 A - a +1 quarterstaff of holy wrath
Missiles
 g - 61 poisoned needles
Armour
 b - a +0 scale mail
 c - a +0 shield (worn)
 x - a +0 ring mail of fire resistance (worn)
 E - a +0 pair of gloves (worn)
Jewellery
 i - a ring of resist corrosion (left hand)
 n - an uncursed amulet of faith
 r - an amulet of guardian spirit (around neck)
 w - an uncursed amulet of harm
 y - a ring of positive energy (right hand)
 D - a +5 ring of dexterity {unknown}
Wands
 u - a wand of iceblast (11/15)
Scrolls
 d - 2 scrolls of amnesia
 k - a scroll of silence {unknown}
 q - 3 scrolls of identify
 s - 5 scrolls of remove curse
 F - a scroll of enchant armour {unknown}
 G - a scroll of magic mapping
Potions
 l - 2 potions of ambrosia
 o - 2 potions of haste
 p - 3 potions of curing
 B - 2 potions of flight
 H - a potion of might
Books
 e - a book of Cantrips

   Spells                             Type                      Level
   a - Confusing Touch                Hexes                        1
   b - Animate Skeleton               Necromancy                   1
   c - Summon Small Mammal            Summoning                    1
   d - Apportation                    Translocation                1
Comestibles
 f - 5 bread rations
 h - 2 royal jellies
 v - a meat ration
 I - a chunk of flesh


   Skills:
 + Level 8.0 Fighting
 + Level 10.4 Polearms
 + Level 8.5 Armour
 + Level 5.2 Dodging
 + Level 1.5 Stealth
 + Level 8.3 Shields
 + Level 0.6 Evocations


You had 9 spell levels left.
You didn't know any spells.

Dungeon Overview and Level Annotations

Branches:
Dungeon (8/15)             Temple (1/1) D:6
   Lair: D:8-11

Altars:
Ashenzari
Cheibriados
Dithmenos
Elyvilon
Fedhas
Gozag
Hepliaklqana
Kikubaaqudgha
Makhleb
Nemelex Xobeh
Okawaru
Qazlal
Ru
Sif Muna
Trog
Uskayaw
Vehumet
Xom
Yredelemnul
Zin
The Shining One

Shops:
D:4 !   D:7 (=(

Annotations:
D:7 Demanufactor's ghost, novice MiBe
D:8 2 runed doors


Innate Abilities, Weirdness & Mutations

You reflexively headbutt those who attack you in melee.
You have a pair of horns on your head.


Message History

The kobold demonologist is almost dead.
The shadow imp disappears for a moment.
The shadow imp hits you but does no damage.
The kobold demonologist looks braver for a moment.
It was a potion of degeneration.
There was something very wrong with that liquid.
You feel weakened.
You feel dopey.
You feel clumsy.
The ice devil hits you but does no damage.
The shadow imp misses you.
The kobold demonologist begins to cast a cantrip, but forgets the words!
As you read the scroll of teleportation, it crumbles to dust.
You feel strangely unstable. You block the ice devil's attack.
The shadow imp hits you.
* * * LOW HITPOINT WARNING * * *
You block the kobold demonologist's attack.
The shadow imp hits you but does no damage.
You hit the ice devil but do no damage. The ice devil hits you.
* * * LOW HITPOINT WARNING * * *
The ice devil freezes you!!
You die...

#######.##..## ########.##.##
#..#..# ## ###########.##.#
#.##.5.3Fl.. ##.#..
##.#O§§.##:=# #.##. #..K##..#
###.#. ... ##.#4##### ##.#.##
#. ... #..5@.# #..##.# #.. ..#
####.#### ##...#.# #..##..
#......[# #....##.
#..>...###.....## #.....#.
#......#.#.#.#.# ######.##
#......#)..#.#... #......).
........######################
#.............†...............
#.............................


You could see a two-headed ogre, an ice devil, a kobold demonologist and a
shadow imp.

Vanquished Creatures
  2 two-headed ogres (D:8)
  2 kobold demonologists (D:8)
  A komodo dragon (D:8)
  A hippogriff (D:8)
  The ghost of Linguinho the Chucker, an amateur TrHu (D:3)
  An ogre (D:8)
  A centaur (D:5)
  A gnoll sergeant (D:7)
  2 bullfrogs
  A wyvern zombie (D:6)
  3 scorpions
  7 wights
  A bullfrog zombie (D:7)
  A quasit (D:7)
  3 centaur zombies
  3 crimson imps
  4 orc priests
  2 hounds
  A bullfrog skeleton (D:5)
  An iguana (D:7)
  4 orc wizards
  4 worker ants
  A worker ant zombie (D:7)
  11 gnolls
  4 adders
  2 shadow imps (D:8)
  2 oozes
  3 worms
  A dart slug (D:3)
  5 leopard geckos
  16 orcs
  2 ball pythons
  5 bats
  7 giant cockroaches
  6 goblins
  3 hobgoblins
  4 jackals
  9 kobolds
  4 quokkas
  10 frilled lizards
  2 jackal skeletons
  A quokka skeleton (D:4)
  9 rats
154 creatures vanquished.

Vanquished Creatures (others)
  A giant cockroach (D:6)
1 creature vanquished.

Grand Total: 155 creatures vanquished

Notes
Turn   | Place    | Note
-------+----------+-------------------------------------------
     0 | D:1      | Monzz the Minotaur Fighter began the quest for the Orb.
     0 | D:1      | Reached XP level 1. HP: 19/19 MP: 0/0
   270 | D:1      | Reached XP level 2. HP: 21/27 MP: 1/1
   727 | D:2      | Reached skill level 3 in Polearms
   757 | D:2      | Reached XP level 3. HP: 33/33 MP: 2/2
   948 | D:2      | Found a shadowy altar of Dithmenos.
  1291 | D:3      | Noticed Linguinho's ghost (amateur TrHu)
  1316 | D:3      | Killed Linguinho's ghost
  1316 | D:3      | Reached skill level 4 in Polearms
  1316 | D:3      | Reached XP level 4. HP: 17/41 MP: 3/3
  1316 | D:3      | Reached XP level 5. HP: 19/47 MP: 4/4
  1941 | D:3      | Found a shadowy altar of Dithmenos.
  1941 | D:3      | Found a burning altar of Makhleb.
  2089 | D:4      | Reached skill level 5 in Polearms
  2089 | D:4      | Reached skill level 5 in Shields
  2113 | D:4      | Reached XP level 6. HP: 39/53 MP: 5/5
  2250 | D:4      | Found Zumegheg's Distillery.
  2274 | D:4      | Reached skill level 1 in Dodging
  2320 | D:4      | Bought a potion of curing for 30 gold pieces
  2320 | D:4      | Bought a potion of might for 40 gold pieces
  2320 | D:4      | Bought a potion of flight for 30 gold pieces
  2320 | D:4      | Bought a potion of curing for 30 gold pieces
  2529 | D:4      | Reached skill level 5 in Armour
  2759 | D:4      | Found a shimmering altar of Xom.
  2819 | D:5      | Entered Level 5 of the Dungeon
  2835 | D:5      | Reached XP level 7. HP: 49/60 MP: 6/6
  2968 | D:5      | Reached skill level 6 in Polearms
  3149 | D:5      | Found a shattered altar of Ashenzari.
  3483 | D:6      | Reached skill level 5 in Fighting
  3485 | D:6      | Reached skill level 1 in Stealth
  3661 | D:6      | Reached skill level 7 in Polearms
  3661 | D:6      | Reached XP level 8. HP: 34/69 MP: 2/7
  3824 | D:6      | Found a staircase to the Ecumenical Temple.
  3833 | Temple   | Entered the Ecumenical Temple
  4038 | Temple   | Became a worshipper of Warmaster Okawaru
  4276 | D:7      | Found Tedau's Antique Weapon Shoppe.
  4672 | D:7      | Found Oleigo's Weapon Emporium.
  4711 | D:7      | Found Mitre's Jewellery Boutique.
  4731 | D:7      | Reached skill level 8 in Polearms
  4918 | D:7      | Noticed Demanufactor's ghost (novice MiBe)
  4946 | D:7      | HP: 1/71 [Demanufactor's ghost (22)]
  5302 | D:8      | Noticed a two-headed ogre
  5328 | D:8      | Reached * piety under Okawaru
  5351 | D:8      | Killed a two-headed ogre
  5351 | D:8      | Reached ** piety under Okawaru
  5351 | D:8      | Reached skill level 9 in Polearms
  5351 | D:8      | Reached XP level 9. HP: 48/79 MP: 4/8
  5469 | D:8      | Noticed a green ugly thing
  5471 | D:8      | Found a runed door.
  5472 | D:8      | Found a runed door.
  5719 | D:8      | Noticed a two-headed ogre
  5747 | D:8      | Killed a two-headed ogre
  5747 | D:8      | Reached skill level 10 in Polearms
  5784 | D:8      | Noticed a kobold demonologist
  5785 | D:8      | Noticed a komodo dragon
  5817 | D:8      | Killed a kobold demonologist
  5817 | D:8      | Reached *** piety under Okawaru
  5817 | D:8      | Reached skill level 5 in Dodging
  5817 | D:8      | Reached XP level 10. HP: 62/88 MP: 7/9
  5857 | D:8      | Noticed a two-headed ogre
  5880 | D:8      | Slain by an ice devil

Skill      XL: |  1  2  3  4  5  6  7  8  9 10 |
---------------+-------------------------------+-----
Fighting       | 4 5 7 8 |  8.0
Shields        | 4 5 6 7 8 |  8.3
Polearms       | 3 4 5 7 9 10 | 10.4
Armour         | 4 5 6 7 8 |  8.5
Dodging        | 1 3 4 5 |  5.2
Stealth        | 1 |  1.5
Evocations     | |  0.6

Action                   |  1- 3 |  4- 6 |  7- 9 | 10-12 || total
-------------------------+-------+-------+-------+-------++-------
Melee: Trident           |    98 |    72 |       |       ||   170
       Headbutt          |    12 |    25 |   111 |    11 ||   159
       Spear             |       |    77 |   451 |    60 ||   588
Evoke: Wand              |       |       |     1 |       ||     1
  Use: Scroll            |     3 |     5 |     6 |     1 ||    15
       Potion            |       |     2 |    10 |     1 ||    13
  Eat: Chunk             |     1 |     5 |     6 |       ||    12
       Bread ration      |       |     1 |     1 |       ||     2
Armor: Scale mail        |    33 |    35 |       |       ||    68
       Ring mail         |       |     5 |    69 |     8 ||    82
Dodge: Dodged            |    22 |    34 |   104 |    15 ||   175
Block: Shield            |    46 |    60 |   156 |    25 ||   287
